 Dungeon Crawl Stone Soup version 0.21.1-1-g345015fe64 (webtiles) character file.

22 Khress the Charmwright (level 2, -1/26 HPs)
             Began as a Gnoll Skald on Feb 17, 2018.
             Slain by a gnoll
             ... wielding a +0 spear
              (2 damage)
             ... on level 1 of the Dungeon on Feb 18, 2018.
             The game lasted 00:04:15 (403 turns).

Khress the Charmwright (Gnoll Skald)                 Turns: 403, Time: 00:04:16

Health: -1/26      AC:  8    Str: 13    XL:     2   Next: 91%
Magic:  7/7        EV:  7    Int: 15    God:
Gold:   43         SH:  0    Dex: 19    Spells: 9/10 levels left

rFire    . . .     SeeInvis .   a - +0 mace
rCold    . . .     Gourm    .   (no shield)
rNeg     . . .     Faith    .   e - +0 chain mail
rPois    .         Spirit   .   (no helmet)
rElec    .         Reflect  .   (no cloak)
rCorr    .         Harm     .   (no gloves)
MR       .....                  (no boots)
Stlth    ..........             (no amulet)
HPRegen  0.08/turn              h - +5 ring of dexterity
MPRegen  0.10/turn              (no ring)

@: drained
A: distributed training, fangs 1, strong nose
a: no special abilities


You were on level 1 of the Dungeon.
You were not hungry.

You visited 1 branch of the dungeon, and saw 2 of its levels.

You collected 43 gold pieces.

Inventory:

Hand Weapons
 a - a +0 mace (weapon)
 g - a +0 dagger of draining
 i - a cursed -3 dagger
Armour
 b - a +0 leather armour
 e - a +0 chain mail (worn)
Jewellery
 h - a +5 ring of dexterity (left hand)
Scrolls
 f - a scroll of teleportation {unknown}
Potions
 k - a potion of agility {unknown}
Books
 c - a book of Battle

   Spells                             Type                      Level
   a - Infusion                       Charms                       1
   b - Shroud of Golubria             Charms/Translocation         2
   c - Song of Slaying                Charms                       2
   d - Spectral Weapon                Hexes/Charms                 3
   e - Regeneration                   Charms/Necromancy            3
Comestibles
 d - a ration
 j - 4 chunks of flesh


   Skills:
 + Level 4.5(3.9) Fighting
 + Level 0.5(0.0) Short Blades
 + Level 0.5(0.0) Long Blades
 + Level 0.5(0.0) Axes
 + Level 4.5(3.9) Maces & Flails
 + Level 0.5(0.0) Polearms
 + Level 0.5(0.0) Staves
 + Level 0.5(0.0) Slings
 + Level 0.5(0.0) Bows
 + Level 0.5(0.0) Crossbows
 + Level 0.5(0.0) Throwing
 + Level 2.5(2.0) Armour
 + Level 4.5(3.9) Dodging
 + Level 0.5(0.0) Stealth
 + Level 0.5(0.0) Shields
 + Level 0.5(0.0) Unarmed Combat
 + Level 4.9(4.4) Spellcasting
 + Level 0.4(0.0) Conjurations
 + Level 0.4(0.0) Hexes
 + Level 5.4(4.8) Charms
 + Level 0.4(0.0) Summonings
 + Level 0.4(0.0) Necromancy
 + Level 0.4(0.0) Translocations
 + Level 0.4(0.0) Transmutations
 + Level 0.4(0.0) Fire Magic
 + Level 0.4(0.0) Ice Magic
 + Level 0.4(0.0) Air Magic
 + Level 0.4(0.0) Earth Magic
 + Level 0.4(0.0) Poison Magic
 + Level 0.7(0.1) Invocations
 + Level 0.5(0.0) Evocations


You had 9 spell levels left.
You knew the following spells:

 Your Spells              Type           Power        Failure   Level  Hunger
a - Infusion              Chrm           ###.         61%         1    None


Dungeon Overview and Level Annotations

Branches:
Dungeon (2/15)

Altars:


Innate Abilities, Weirdness & Mutations

Your experience applies equally to all skills.
You have very sharp teeth.
Your uncanny sense of smell can sniff out nearby items.


Message History

You hit the rat. Your bite misses the rat.
The rat is heavily wounded.
The rat bites you but does no damage.
The gnoll hits you from afar with a spear.
* * * LOW HITPOINT WARNING * * *
The rat closely misses you.
You barely miss the rat.
The rat is heavily wounded.
The rat closely misses you.
You thump the rat!
You kill the rat!
Your chain mail prevents you from hitting the gnoll.
The gnoll barely misses you.
The gnoll hits you from afar with a spear.
* * * LOW HITPOINT WARNING * * *
You hit the gnoll. Your bite misses the gnoll.
The gnoll is moderately wounded.
The gnoll hits you but does no damage.
The gnoll hits you from afar with a spear.
You die...

.....# ##....# .
..#####. ..####
#....# #### #. .#
###....#### #.
#.........# #.
#.........# #.
#...>.....##. #.
####...#.###. #. ∆
#...#.# #.## #. #...
#.@.#.# #..# #. ....
##g##.####.## #. #..
#gg....#...######.
###..###...#........
#....# #.#...#######
# #####.#..###....##
.##
.............####
... ...##.#>.#####
.... .. #.#..#


You could see 2 gnolls and a hobgoblin.

Vanquished Creatures
  A gnoll (D:2)
  A giant cockroach (D:1)
  5 goblins (D:1)
  2 hobgoblins (D:1)
  2 ball pythons (D:1)
  A rat (D:1)
12 creatures vanquished.

Notes
Turn   | Place    | Note
-------+----------+-------------------------------------------
     0 | D:1      | Khress the Gnoll Skald began the quest for the Orb.
     0 | D:1      | Reached XP level 1. HP: 20/20 MP: 6/6
   274 | D:1      | Reached XP level 2. HP: 26/26 MP: 7/7
   402 | D:1      | HP: 1/26 [gnoll/spear (4)]
   403 | D:1      | Slain by a gnoll

Action                   || total
-------------------------++-------
Melee: Mace              ||    35
       Bite              ||     1
  Use: Scroll            ||     1
       Potion            ||     1
Armor: Chain mail        ||    24
Dodge: Dodged            ||    20
